 Dungeon Crawl Stone Soup version 0.26-a0-1021-gda264ca44c (webtiles) character file.

Game seed: 9183442857363366102

46 sahdkjhfkaj the Grave Robber (level 3, -1/21 HPs)
             Began as a Halfling Necromancer on Dec 8, 2020.
             Slain by a leopard gecko (5 damage)
             ... on level 2 of the Dungeon.
             The game lasted 00:01:21 (1626 turns).

sahdkjhfkaj the Grave Robber (Halfling Necromancer) Turns: 1626, Time: 00:01:22

Health: -1/21      AC:  2    Str:  9    XL:     3   Next: 95%
Magic:  0/5        EV: 15    Int: 14    God:
Gold:   81         SH:  0    Dex: 14    Spells: 4/5 levels left

rFire    . . .     SeeInvis .   (weapon restricted)
rCold    . . .     Faith    .   (shield restricted)
rNeg     . . .     Spirit   .   a - +0 robe
rPois    .         Reflect  .   (no helmet)
rElec    .         Harm     .   (no cloak)
rCorr    .         Rampage  .   (no gloves)
Will     .....                  (no boots)
Stlth    ++........             (no amulet)
HPRegen  0.07/turn              (no ring)
MPRegen  0.09/turn              (no ring)

@: no status effects
A: small, mutation resistance 1
a: no special abilities


You were on level 2 of the Dungeon.
You visited 1 branch of the dungeon, and saw 2 of its levels.

You collected 81 gold pieces.

Inventory:

Armour
 a - a +0 robe (worn)
Jewellery
 h - an uncursed amulet of regeneration {unknown}
Scrolls
 b - 2 scrolls of teleportation
 c - 2 scrolls of enchant weapon {unknown}
 d - a scroll of fear {unknown}
 e - a scroll of identify {unknown}
 f - a scroll of random uselessness {unknown}
 g - a scroll of noise {unknown}
 i - 2 scrolls of enchant armour {unknown}


   Skills:
 - Level 2.1 Dodging
 - Level 2.1 Stealth
 - Level 1.5 Spellcasting
 + Level 4.3 Necromancy


You had 4 spell levels left.
You knew the following spells:

 Your Spells              Type           Power        Failure   Level
a - Pain                  Necr           ##..         4%          1

Your spell library contained the following spells:

 Spells                   Type           Power        Failure   Level
 Animate Skeleton         Necr           ##....       4%          1
 Vampiric Draining        Necr           ##........   12%         3
 Animate Dead             Necr           ##........   38%         4
 Agony                    Necr           ##......     75%         5


Dungeon Overview and Level Annotations

Branches:
Dungeon (2/15)

Altars:
Okawaru
Xom


Innate Abilities, Weirdness & Mutations

You are small and have problems with some larger weapons.
You are somewhat resistant to further mutation.


Message History

The kobold completely misses you.
You hit the leopard gecko but do no damage.
The leopard gecko barely misses you. The kobold hits you.
* * * LOW HITPOINT WARNING * * *
The leopard gecko closely misses you.
You barely miss the leopard gecko. The kobold barely misses you.
The leopard gecko closely misses you.
You hit the kobold but do no damage. The kobold barely misses you.
The leopard gecko barely misses you.
You hit the kobold.
The kobold is heavily wounded.
The kobold barely misses you. The leopard gecko misses you.
You hit the kobold but do no damage.
The kobold is heavily wounded.
The leopard gecko barely misses you. The kobold hits you but does no damage.
You hit the kobold but do no damage.
The kobold is heavily wounded.
The leopard gecko barely misses you. The kobold hits you but does no damage.
The leopard gecko bites you.
You die...

######################
#....K@lB........)...#
#.##################.#
#.# #......#########.##
#.# #.####.............
#.# #.##.........######
#.###.##.#######.#
#.##....#.###....#
#######......###.##.##..
#....)..##....##### ####


You could see a leopard gecko, a giant cockroach and a kobold.

Vanquished Creatures
  A killer bee zombie (D:2)
  2 leopard geckos (D:2)
  2 giant cockroaches
  A goblin (D:2)
  3 hobgoblins (D:2)
  3 jackals (D:2)
  A quokka (D:2)
  2 bats
  A frilled lizard (D:2)
  4 kobolds
  4 rats
24 creatures vanquished.

Vanquished Creatures (others)
  22 plants (D:2)
22 creatures vanquished.

Grand Total: 46 creatures vanquished

Notes
Turn   | Place    | Note
-------+----------+-------------------------------------------
     0 | D:1      | sahdkjhfkaj the Halfling Necromancer began the quest for
                  | the Orb.
     0 | D:1      | Reached XP level 1. HP: 11/11 MP: 3/3
   120 | D:1      | Found an iron altar of Okawaru.
   674 | D:2      | Noticed an ice beast
   745 | D:2      | Reached XP level 2. HP: 14/17 MP: 1/4
   854 | D:2      | Found a shimmering altar of Xom.
  1204 | D:2      | Reached skill level 4 in Necromancy
  1204 | D:2      | Reached XP level 3. HP: 10/21 MP: 5/5
  1626 | D:2      | Slain by a leopard gecko

Illustrated notes

Levels and vault maps discovered:
D:1:      nicolae_arrival_somewhat_less_tricky_arrival, layout_basic,
          okawaru_ov_weapons_minmay
D:2:      layout_loops_ring, lemuel_doored_altar, kennysheep_another_room,
          lexackson_kobold_supper

Skill      XL: |  1  2 |
---------------+-------+-----
Necromancy     | 4 |  4.3
Dodging        | |  2.1
Stealth        | |  2.1
Spellcasting   | |  1.5

Action                   || total
-------------------------++-------
Melee: Unarmed           ||    28
 Cast: Pain              ||    37
  Use: Scroll            ||     1
       Potion            ||     2
Armor: Robe              ||     6
Dodge: Dodged            ||    48

Table legend: (Time is in decaauts)
 A = Elapsed time spent in this place.
 B = Non-inter-level travel time spent in this place.
 C = Inter-level travel time spent in this place.
 D = Time resting spent in this place.
 E = Time spent auto-exploring this place.
 F = Levels seen in this place.
 G = Mean time per level.
                   A        B        C        D        E       F      G
               +--------+--------+--------+--------+--------+-----+--------+
         Total |   1634 |   1634 |      0 |     53 |   1428 |   2 |  817.0 |
       Dungeon |   1634 |   1634 |      0 |     53 |   1428 |   2 |  817.0 |
               +--------+--------+--------+--------+--------+-----+--------+

Top non-repeatable levels by time:
     D:2: 960 daAuts
     D:1: 674 daAuts
